 Dungeon Crawl Stone Soup version 0.31.0-9-g3a7656b989 (webtiles) character file.

Game seed: 2347871071417504069

546 Jase the Ruffian (level 7, 52/52 HPs)
             Began as a Pale Draconian Shapeshifter on Jan 25, 2024.
             Was an Initiate of Yredelemnul.
             Quit the game on level 5 of the Dungeon.
             The game lasted 00:07:08 (3192 turns).

Jase the Ruffian (Pale Draconian Shapeshifter)      Turns: 3192, Time: 00:07:09

Health: 52/52      AC:  6    Str: 17    XL:     7   Next: 6%
Magic:  18/18      EV: 12    Int: 10    God:    Yredelemnul [......]
Gold:   228        SH:  0    Dex: 12    Spells: 6/6 levels left

rFire   . .          .
                       - Unarmed
rCold   . . .        (no shield)
rNeg    . . .        (body armour unavailable)
rPois   .            (helmet currently unavailable)
rElec   .            (cloak currently unavailable)
rCorr   .            (gloves currently unavailable)
SInv    .            (boots currently unavailable)
Will    .....        (no amulet)
Stlth   ++           r - ring of magical power
HPRegen 0.28/turn    (no ring)
MPRegen 0.16/turn

%: no passive effects
@: short of breath, beast-form
A: beast (slay +2), breathe steam, AC +6, unfitting armour, cold-blooded, steam
resistance
a: Breathe Steam, Begin Untransformation, Renounce Religion, Recall Undead
Harvest


You were on level 5 of the Dungeon.
You worshipped Yredelemnul.
Yredelemnul was noncommittal.
You were a hulking beast.
You visited 1 branch of the dungeon, and saw 5 of its levels.

You collected 228 gold pieces.

Inventory:

Missiles
 q - 9 poisoned darts (quivered)
Armour
 s - the +2 pair of gloves of Monwix {Rampage}
   (You found it on level 4 of the Dungeon)

   Rampage:   It bestows one free step when moving towards enemies.
Jewellery
 r - a ring of magical power (left hand)
Talismans
 b - a beast talisman
 c - a flux talisman
Wands
 n - a wand of charming (23)
Scrolls
 d - a scroll of poison {unknown}
 g - 2 scrolls of teleportation {unknown}
 i - a scroll of immolation {unknown}
 j - a scroll of torment {unknown}
 k - a scroll of amnesia {unknown}
 l - 2 scrolls of silence
 m - a scroll of brand weapon {unknown}
 o - 3 scrolls of fog
 p - a scroll of blinking {unknown}
Potions
 a - 2 potions of lignification
 e - a potion of mutation
 f - 2 potions of haste
 h - 2 potions of enlightenment


   Skills:
 - Level 1.1 Fighting
 - Level 1.7 Dodging
 - Level 3.0 Stealth
 + Level 5.1 Unarmed Combat
 + Level 3.2 Invocations
 + Level 4.8 Shapeshifting


You had 6 spell levels left.
You didn't know any spells.
Your spell library contained the following spells:

 Spells                   Type           Power      Damage    Failure   Level
 Apportation              Tloc           0%         N/A       36%         1
 Necrotise                Necr           0%         1d4       36%         1
 Sting                    Conj/Alch      0%         1d3       36%         1
 Summon Small Mammal      Summ           0%         N/A       36%         1


Dungeon Overview and Level Annotations

Branches:
Dungeon (5/15)
 Temple: D:4-7

Altars:
Sif Muna
Yredelemnul
Zin

Shops:
D:2 :


Innate Abilities, Weirdness & Mutations

You are a hulking beast.
Your limbs bulge with bestial killing power. (Slay +2)
You can breathe blasts of scalding, opaque steam.
Your pale cyan-grey scales are hard. (AC +6)
You cannot fit into any form of body armour.
You are cold-blooded and may be slowed by cold attacks.
You are immune to the effects of steam.


Message History

You punch the adder!
You kill the adder!
The dead are slithering!
Your hearing returns.
You have reached level 7!
Your scales start taking on a pale cyan-grey colour.
You learn Fire Magic quicker.
You learn Air Magic quicker.
You learn Evocations quicker.
You can breathe blasts of scalding, opaque steam.
You are now immune to the effects of steam.
Unknown command.
You swap places.
You see here a staff of fire.
You open the door.
There is an open door here.
A hound comes into view.
The hound barks!
The hound pauses to sniff the ground.
You see here a scroll labelled VIEZUAT NOIHO.
Aiming: Breathe Steam (1% risk of failure)
Press: ? - help, Shift-Dir - straight line, f - hound
Aim: a hound (ally target, 60% to hit)
You exhale a blast of scalding steam.
d - a scroll labelled VIEZUAT NOIHO The hound is engulfed in a cloud of scalding steam.
You kill the hound!
The dead are walking!
Training target 3.0 for Stealth reached!
Your Stealth skill increases to level 3!
You swap places.
Your hound zombie is engulfed in a cloud of scalding steam.
You catch your helpless hound zombie completely off-guard!
You punch your hound zombie!
Your hound zombie is heavily damaged.
You strike your helpless hound zombie from behind!
You punch your hound zombie!
Your hound zombie is almost destroyed.
You closely miss your hound zombie.
Your hound zombie is almost destroyed.
Are you sure you want to abandon this character and quit the game? (Confirm with "yes".)

#.......##...#
#.# ....... #.###
#.# ####### #.#
#.# #.# #.#
######.# #.#
###......### #.#
#..........# #.#
#..........# #h#
#..........# #Z#
#..........# #Z#
#..........#
#.####..........#
#....'..........#
######..........#
#..........#
#..........#
#..|.......


You could see a friendly adder zombie and a friendly hound zombie.

Vanquished Creatures
  Sigmund (D:3)
  A phantom (D:4)
  2 bombardier beetles (D:4)
  2 hounds
  Jessica (D:3)
  Ijyb (D:3)
  5 adders
  A ribbon worm (D:4)
  2 dart slugs
  4 orcs (D:4)
  4 bats
  3 endoplasms
  A giant cockroach (D:1)
  6 goblins
  11 hobgoblins
  3 jackals (D:1)
  6 ball pythons
  5 frilled lizards
  4 kobolds
  2 rats (D:1)
65 creatures vanquished.

Vanquished Creatures (collateral kills)
  Robin (D:4)
  An orc (D:3)
  A ball python (D:3)
  A hobgoblin (D:4)
  A quokka (D:4)
  2 kobolds (D:4)
7 creatures vanquished.

Vanquished Creatures (others)
  A bombardier beetle zombie (D:4)
  A kobold zombie (D:4)
  An orc zombie (D:4)
3 creatures vanquished.

Grand Total: 75 creatures vanquished

Notes
Turn   | Place    | Note
-------+----------+-------------------------------------------
     0 | D:1      | Jase the Draconian Shapeshifter began the quest for the
                  | Orb.
     0 | D:1      | Reached XP level 1. HP: 16/16 MP: 1/1
   326 | D:1      | Reached XP level 2. HP: 22/23 MP: 2/2
   828 | D:2      | Found a shimmering blue altar of Sif Muna.
   843 | D:2      | Reached XP level 3. HP: 28/28 MP: 3/3
  1256 | D:2      | Found Kiapy's Book Shop.
  1592 | D:3      | Found a glowing silver altar of Zin.
  1650 | D:3      | Noticed Jessica
  1656 | D:3      | Killed Jessica
  1657 | D:3      | Reached skill level 4 in Unarmed Combat
  1657 | D:3      | Reached XP level 4. HP: 20/35 MP: 4/4
  1758 | D:3      | Found a faded altar of an unknown god.
  1764 | D:3      | Prayed at the altar of an unknown god.
  1764 | D:3      | Became a worshipper of Yredelemnul the Dark
  1764 | D:3      | Reached * piety under Yredelemnul
  1834 | D:3      | Identified the +6 sling "Opluophi" {freeze, rC- rN+++
                  | Dex+7}
  1882 | D:3      | Noticed Sigmund
  1898 | D:3      | Killed Sigmund
  1899 | D:3      | Reached XP level 5. HP: 37/40 MP: 4/6
  1992 | D:3      | Noticed Ijyb
  2004 | D:3      | Killed Ijyb
  2005 | D:3      | Reached XP level 6. HP: 40/47 MP: 7/7
  2422 | D:4      | Reached ** piety under Yredelemnul
  2464 | D:4      | Noticed Robin
  2470 | D:4      | Killed Robin
  2533 | D:4      | Reached *** piety under Yredelemnul
  2553 | D:4      | Found a basalt altar of Yredelemnul.
  2837 | D:4      | Identified the +2 pair of gloves of Monwix {Rampage}
  2857 | D:4      | Reached skill level 5 in Unarmed Combat
  3120 | D:5      | Entered Level 5 of the Dungeon
  3160 | D:5      | Your scales start taking on a pale cyan-grey colour.
  3160 | D:5      | Reached XP level 7. HP: 52/52 MP: 9/9
  3160 | D:5      | Gained mutation: You are immune to the effects of steam.
                  | [Pale Draconian growth]
  3192 | D:5      | Quit the game

Illustrated notes

Levels and vault maps discovered:
D:1:      dpeg_arrival_fog, layout_loops_ring
D:2:      layout_basic, serial_shops, shop, serial_curves, eino_curves_01,
          eino_curves_03, basic_altar
D:3:      kennysheep_big_flooded_room, layout_rooms, lemuel_round_altar,
          dreamdust_ecumenical_altar_angels_and_demons, uniq_ijyb, uniq_jessica,
          uniq_sigmund
D:4:      layout_cave_pods, kennysheep_mini, serial_glass, glass_columns_b,
          glass_columns_b, nicolae_goblin_pals
D:5:      layout_basic, mainiacjoe_overflow_brackets,
          minmay_temple_entry_purple_smoke, nicolae_shop_unique_rings,
          uniq_menkaure

Skill      XL: |  1  2  3  4  5  6  7 |
---------------+----------------------+-----
Unarmed Combat | 4 5 |  5.1
Stealth        | 2 3 |  3.0
Invocations    | 2 3 |  3.2
Shapeshifting  | 4 |  4.8
Fighting       | |  1.1
Dodging        | |  1.7

Action                     |  1- 3 |  4- 6 |  7- 9 || total
---------------------------+-------+-------+-------++-------
  Melee: Unarmed           |    68 |    95 |     3 ||   166
         Tailslap          |     5 |    12 |       ||    17
         Punch             |     2 |     1 |       ||     3
 Invoke: Recall Undead Har |       |     1 |       ||     1
Ability: Breathe Steam     |       |       |     1 ||     1
    Use: Scroll            |       |     5 |       ||     5
   Stab: Distracted        |       |     4 |       ||     4
         Sleeping          |       |     2 |       ||     2
         Betrayed ally     |       |       |     2 ||     2
 Armour: Skin              |    26 |    36 |       ||    62
  Dodge: Dodged            |    34 |    50 |       ||    84
